 Dungeon Crawl Stone Soup version 0.26.1 (webtiles) character file.

Game seed: 10986524429927153461

4209 jmmainvi the Fighter (level 10, -1/59 HPs)
             Began as a Vine Stalker Berserker on Feb 8, 2021.
             Was a High Priest of Trog.
             Slain by an orc warrior
             ... wielding a +0 glaive
              (6 damage)
             ... in a bailey.
             The game lasted 00:25:02 (8759 turns).

jmmainvi the Fighter (Vine Stalker Berserker)       Turns: 8759, Time: 00:25:02

Health: -1/59      AC: 12    Str: 20    XL:     10   Next: 29%
Magic:  0/11       EV:  7    Int:  8    God:    Trog [*****.]
Gold:   669        SH:  0    Dex: 22    Spells: 9/9 levels left

rFire    . . .     SeeInvis +     - Unarmed
rCold    . . .     Faith    .   (no shield)
rNeg     . . .     Spirit   +   F - +1 plate armour
rPois    .         Reflect  .   (no helmet)
rElec    .         Harm     .   (no cloak)
rCorr    .         Rampage  .   (no gloves)
Will     +++..                  (no boots)
Stlth    ..........             j - amulet of magic regeneration
HPRegen  1.59/turn              D - +6 ring of dexterity
MPRegen  0.37/turn              s - ring of see invisible

@: berserk cooldown, regenerating, slowed, very slow
A: fangs 3, regeneration 1, magic shield, antimagic bite, no potion heal 3
a: Renounce Religion, Berserk, Trog's Hand, Brothers in Arms


You were in a bailey.
You worshipped Trog.
Trog was extremely pleased with you.
You visited 2 branches of the dungeon, and saw 11 of its levels.
You also visited: Bailey.

You collected 669 gold pieces.

Inventory:

Missiles
 n - 8 silver javelins
 q - 6 javelins
 u - 56 bolts
Armour
 a - a +0 animal skin
 F - a +1 plate armour (worn)
Jewellery
 j - an amulet of magic regeneration (around neck)
 s - a ring of see invisible (right hand)
 D - a +6 ring of dexterity (left hand)
 H - a cursed amulet of inaccuracy {unknown}
 K - an uncursed amulet of reflection
Wands
 r - a wand of iceblast (8)
 I - a wand of acid (8)
 J - a wand of paralysis (12)
 L - a wand of flame (1)
Scrolls
 b - 7 scrolls of remove curse
 i - a scroll of random uselessness {unknown}
 l - 4 scrolls of teleportation
 p - a scroll of enchant weapon
 v - a scroll of magic mapping
 x - 4 scrolls of amnesia {unknown}
 y - 2 scrolls of fog {unknown}
 A - a scroll of acquirement {unknown}
 B - a scroll of immolation {unknown}
 C - 2 scrolls of fear {unknown}
 N - a scroll of blinking {unknown}
 O - a scroll of vulnerability {unknown}
Potions
 c - a potion of magic
 d - 2 potions of ambrosia
 e - 5 potions of curing
 f - 3 potions of lignification {unknown}
 g - 2 potions of heal wounds
 h - a potion of mutation
 k - 2 potions of brilliance {unknown}
 m - 2 potions of degeneration {unknown}
 o - a potion of cancellation {unknown}
 t - a potion of haste {unknown}
 z - 2 potions of attraction
 E - a potion of flight {unknown}
 G - 2 potions of resistance


   Skills:
 - Level 10.0 Fighting
 + Level 3.7 Armour
 - Level 1.5 Dodging
 + Level 5.1 Stealth
 + Level 9.1 Unarmed Combat


You had 9 spell levels left.
You didn't know any spells.
Your spell library was empty.

Dungeon Overview and Level Annotations

Branches:
Dungeon (10/15)            Temple (1/1) D:5          Bailey (1/1)
   Lair: D:8-11         Orc: D:9-12

Altars:
Ashenzari
Cheibriados
Dithmenos
Elyvilon
Fedhas
Gozag
Hepliaklqana
Kikubaaqudgha
Makhleb
Nemelex Xobeh
Okawaru
Qazlal
Ru
Sif Muna
Trog
Uskayaw
Vehumet
Wu Jian
Xom
Yredelemnul
Zin
The Shining One

Annotations:
D:4 2 transporters
D:6 1 runed translucent door, trckry's ghost, novice TeHu


Innate Abilities, Weirdness & Mutations

You have razor-sharp teeth.
Your natural rate of healing is unusually fast.
When hurt, damage is shared between your health and your magic reserves.
Your bite disrupts and absorbs the magic of your enemies.
Potions cannot restore your health.


Message History

The acid corrodes the orc!
You kill the orc!
Trog accepts your kill.
The orc warrior hits you from afar with a +0 glaive.
* * * LOW HITPOINT WARNING * * *
The orc warrior barely misses you.
There is an open door here.
Your skin crawls.
You feel strong-willed.
The orc warrior hits you from afar with a +0 glaive.
* * * LOW HITPOINT WARNING * * *
The orc hits you from afar with a +0 trident.
* * * LOW HITPOINT WARNING * * *
You close the door.
An orc warrior opens the door.
The orc hits you from afar with a +0 trident.
* * * LOW HITPOINT WARNING * * *
The orc hits you from afar with a +0 spear.
* * * LOW HITPOINT WARNING * * *
The orc warrior hits you from afar with a +0 glaive!
You die...

#..))...#
#...)...#
#...)...#
#.......#
#.......#
#.......#
#.......#
#.......#
##..@..##
###'###


#ooo# #.o.# #.o.# #).)# ##)## #..)..# #.......# You could see an orc warrior
(corroded) and 4 orcs.

Vanquished Creatures
  A two-headed ogre (D:8)
  Grinder (D:5)
  3 water moccasins (D:7)
  An ice beast (D:5)
  9 orc warriors
  A sky beast (D:9)
  3 ogres (D:7)
  2 black bears (D:9)
  A centaur (D:5)
  3 bullfrogs
  A wyvern zombie (D:9)
  A howler monkey (D:7)
  A quasit (D:8)
  5 hounds
  A centaur zombie (D:4)
  A jelly (D:8)
  11 orc wizards
  A centaur skeleton (D:6)
  3 orc priests
  An iguana (D:9)
  8 worker ants
  A worker ant zombie (D:7)
  9 adders
  A shadow imp (D:8)
  3 white imps
  3 ufetubi
  An ooze (D:1)
  An adder skeleton (D:8)
  A worm (D:2)
  A dart slug (D:1)
  5 leopard geckos
  64 orcs
  3 bat zombies (D:5)
  3 giant cockroaches
  10 goblins
  6 hobgoblins
  3 jackals (D:4)
  7 quokkas
  2 ball pythons (D:1)
  6 bats
  A frilled lizard (D:4)
  2 jackal skeletons
  A jackal zombie (D:7)
  8 kobolds
  4 rats
  2 rat zombies (D:5)
207 creatures vanquished.

Vanquished Creatures (others)
  2 withered plants (D:6)
2 creatures vanquished.

Grand Total: 209 creatures vanquished

Notes
Turn   | Place    | Note
-------+----------+-------------------------------------------
     0 | D:1      | jmmainvi the Vine Stalker Berserker began the quest for the
                  | Orb.
     0 | D:1      | Reached XP level 1. HP: 11/11 MP: 2/2
   247 | D:1      | Reached skill level 3 in Fighting
   248 | D:1      | Reached XP level 2. HP: 16/16 MP: 3/3
   722 | D:1      | Reached XP level 3. HP: 18/20 MP: 4/4
  2312 | D:2      | Reached ** piety under Trog
  2313 | D:2      | Gained mutation: Your natural rate of healing is unusually
                  | fast. [Vine Stalker growth]
  2313 | D:2      | Reached XP level 4. HP: 25/25 MP: 5/5
  2410 | D:3      | Reached skill level 4 in Fighting
  2645 | D:3      | Reached XP level 5. HP: 30/30 MP: 3/6
  2806 | D:3      | Found a faded altar of an unknown god.
  3616 | D:4      | Found a transporter.
  3728 | D:4      | Found a radiant altar of Vehumet.
  3728 | D:4      | Found a snail-covered altar of Cheibriados.
  3737 | D:4      | Reached skill level 5 in Fighting
  3792 | D:4      | Reached XP level 6. HP: 29/35 MP: 7/7
  3806 | D:4      | Found a shadowy altar of Dithmenos.
  3806 | D:4      | Found an ornate altar of the Wu Jian Council.
  4198 | D:4      | Found a transporter.
  4244 | D:5      | Entered Level 5 of the Dungeon
  4333 | D:5      | Found a staircase to the Ecumenical Temple.
  4368 | Temple   | Entered the Ecumenical Temple
  4628 | D:5      | Noticed Grinder
  4645 | D:5      | Killed Grinder
  4646 | D:5      | Reached skill level 6 in Fighting
  4646 | D:5      | Reached skill level 5 in Unarmed Combat
  4646 | D:5      | Reached XP level 7. HP: 40/40 MP: 8/8
  5017 | D:5      | Found an ancient bone altar of Kikubaaqudgha.
  5270 | D:6      | Found a runed translucent door.
  5271 | D:6      | Noticed trckry's ghost (novice TeHu)
  5390 | D:6      | Reached skill level 7 in Fighting
  5390 | D:6      | Gained mutation: You have razor-sharp teeth. [Vine Stalker
                  | growth]
  5390 | D:6      | Reached XP level 8. HP: 15/46 MP: 3/9
  5885 | D:7      | Reached *** piety under Trog
  5903 | D:7      | Reached skill level 8 in Fighting
  5970 | D:7      | Found a hide-covered altar of Uskayaw.
  6083 | D:7      | Found a sparkling altar of Nemelex Xobeh.
  6212 | D:7      | Reached XP level 9. HP: 31/52 MP: 7/10
  6560 | D:8      | Noticed a two-headed ogre
  6565 | D:8      | Killed a two-headed ogre
  6566 | D:8      | Reached skill level 9 in Fighting
  6639 | D:8      | Found a stormy altar of Qazlal.
  6658 | D:8      | Identified Sif Muna's Collected Works on Excruciating
                  | Poisoning
  7045 | D:7      | Reached skill level 10 in Fighting
  7050 | D:7      | Reached **** piety under Trog
  7087 | D:7      | Reached skill level 1 in Stealth
  7978 | D:9      | Reached XP level 10. HP: 59/59 MP: 11/11
  8559 | D:10     | Entered Level 10 of the Dungeon
  8640 | D:10     | Found a flagged portal.
  8652 | Bailey   | Entered a bailey
  8665 | Bailey   | Reached ***** piety under Trog
  8749 | Bailey   | Reached skill level 5 in Stealth
  8759 | Bailey   | Slain by an orc warrior

Illustrated notes

Levels and vault maps discovered:
D:1:      psy_arrival_terrarium, layout_loops_cross
D:2:      layout_basic
D:3:      layout_basic, chequers_ecumenical_altar_grove
D:4:      gammafunk_cloud_chamber, layout_basic, grunt_temple_overflow_open,
          hangedman_decor_points, kennysheep_generic_room_15
D:5:      layout_basic, lemuel_zombie_altar_kikubaaqudgha,
          minmay_temple_entry_trees, minmay_misc_feat_nine_boxes, uniq_grinder
D:6:      layout_layer_cave, gammafunk_ghost_grave
D:7:      layout_basic, kennysheep_little_box, basic_altar
D:8:      layout_rooms, nicolae_qazlal_style_of_elements, corexii_corridor_pit
D:9:      layout_loops_corners
D:10:     layout_roguey, nicolae_trove_entry_crossroad, enter_bailey_2
Temple:   regret_index_temple_waves
Bailey:   bailey_polearm_5, bailey

Skill      XL: |  1  2  3  4  5  6  7  8  9 10 |
---------------+-------------------------------+-----
Fighting       | 3 4 5 6 7 8 10 | 10.0
Unarmed Combat | 4 5 7 8 9 |  9.1
Stealth        | 3 5 |  5.1
Armour         | 2 3 |  3.7
Dodging        | |  1.5

Action                   |  1- 3 |  4- 6 |  7- 9 | 10-12 || total
-------------------------+-------+-------+-------+-------++-------
Melee: Unarmed           |   104 |   116 |   262 |    90 ||   572
       Bite              |    24 |    40 |   119 |    39 ||   222
       Punch             |     2 |       |    15 |     4 ||    21
Invok: Berserk           |     2 |     6 |     5 |     4 ||    17
       Trog's Hand       |       |     3 |     1 |     1 ||     5
Evoke: Wand              |       |       |     1 |     3 ||     4
  Use: Scroll            |       |     3 |     6 |     4 ||    13
 Stab: Sleeping          |     6 |     1 |       |       ||     7
Armor: Animal skin       |    19 |    13 |    11 |       ||    43
       Plate armour      |       |       |   120 |    62 ||   182
Dodge: Dodged            |    61 |    61 |    80 |    29 ||   231
